Map: 카이로스 정션 - 래더

Players

llllllllllll (Trap) - Winner!

  • Race: Protoss Protoss
  • League: Master
  • Spawn Location: 5:00

soO

  • Race: Zerg Zerg
  • Spawn Location: 11:00

Event: IEM Season 13 - Katowice Server Qualifiers Asia 1

VOD

Have the link to the VOD?

Description

Time

  • Played on: Jan. 14, 2019, 8:20 a.m.
  • Length: 12:13

All games in this series

Show
View Real Time Build Order
Export as new Build Order

llllllllllll Protoss - Winner!

Build Orders: 1 Gate Expand, Oracle Opening, Archon Immortal, Archon Drop 

Get SALT Encoding   

  12  0:00  Probe  
  13  0:12  Probe  
  14  0:18  Pylon  
  14  0:24  Probe  
  15  0:32  Probe  
  15  0:40  Probe  
  16  0:43  Gateway  
  17  0:51  Probe, Assimilator  
  18  1:03  Probe  
  19  1:15  Probe  
  20  1:24  Nexus  
  20  1:35  Cybernetics Core  
  20  1:37  Probe  
  21  1:45  Assimilator  
  21  1:49  Probe  
  21  1:53  Pylon  
  22  2:01  Probe  
  22  2:03  Adept  
  23  2:13  Probe  
  26  2:19  Stargate  
  26  2:26  Probe, Warp Gate  
  27  2:34  Probe x2  
  27  2:35  Stalker  
  29  2:42  Probe x2  
  33  2:52  Probe x2  
  33  2:53  Oracle  
  35  3:04  Probe x2  
  40  3:07  Adept  
  40  3:11  Pylon  
  42  3:16  Probe x2  
  44  3:25  Oracle  
  44  3:28  Probe x2  
  44  3:33  Gateway  
  46  3:40  Probe x2  
  51  3:44  Assimilator x2  
  51  3:52  Probe x2  
  51  3:55  Robotics Facility  
  52  3:58  Pylon  
  52  4:04  Probe  
  52  4:05  Probe  
  54  4:14  Pylon  
  54  4:16  Probe, Twilight Council  
  54  4:17  Probe  
  56  4:24  Gateway  
  56  4:26  Gateway  
  56  4:32  Warp Prism  
  56  4:38  Probe x2, Zealot  
  58  4:39  Zealot  
  64  4:47  Pylon  
  64  4:52  Templar Archives  
  64  4:57  Pylon  
  64  5:06  Nexus  
  64  5:13  Probe x2  
  66  5:25  Gateway  
  66  5:27  Gateway  
  66  5:30  Forge  
  66  5:31  Shield Battery  
  66  5:34  Charge  
  66  5:35  Protoss Ground Weapons Level 1, High Templar x4  
  74  5:39  Archon x2  
  74  5:41  Probe x2  
  76  5:43  Observer  
  77  5:53  Probe x2  
  79  5:57  Gateway, Immortal  
  79  6:00  Gateway  
  79  6:09  Probe x2  
  85  6:16  Pylon  
  85  6:18  Pylon  
  85  6:21  Zealot  
  85  6:24  Probe x3  
  90  6:27  Pylon  
  90  6:36  High Templar x2  
  90  6:37  Zealot x3  
  100  6:43  Archon  
  100  6:45  Pylon  
  100  6:46  Zealot  
  102  6:48  Pylon  
  102  6:53  Pylon  
  102  6:56  Zealot x2  
  102  6:58  Zealot x2  
  102  6:59  Zealot  
  102  7:00  Probe x2  
  102  7:01  Probe  
  116  7:17  High Templar x2, Zealot x3  
  116  7:21  Archon  
  116  7:22  Zealot x2  
  121  7:29  Immortal  
  101  7:38  Zealot x3  
  103  7:45  Pylon  
  103  7:51  Sentry x2  
  103  7:52  Probe x3  
  108  8:01  Immortal  
  98  8:18  Probe x3  
  89  8:22  Sentry x3, Zealot  
  89  8:23  Zealot x4  
  89  8:24  Void Ray  
  103  8:34  Immortal  
  103  8:35  Shield Battery  
  111  8:47  Probe x3  
  114  8:48  Observer  
  114  8:59  Zealot x5  
  114  9:00  Probe  
  114  9:01  Observer  
  124  9:03  Probe  
  124  9:08  Probe x2  
  127  9:11  Psionic Storm, High Templar  
  127  9:12  High Templar  
  127  9:16  Probe  
  133  9:19  Pylon  
  133  9:22  Pylon  
  133  9:32  Assimilator  
  133  9:33  Assimilator  
  133  9:40  High Templar  
  133  9:45  Photon Cannon x2  
  135  9:46  Shield Battery  
  135  9:51  Immortal  
  135  9:56  High Templar  
  138  10:22  Pylon  
  138  10:23  Pylon  
  138  10:24  Probe x3, Immortal, Pylon  
  138  10:26  Photon Cannon  
  145  10:37  High Templar x2  
  145  10:38  Zealot x5  
  159  10:43  Archon  
  159  10:46  Zealot  
  161  10:55  Immortal  
  165  11:06  Zealot x6  
  163  11:26  Immortal  
  163  11:28  Fleet Beacon  
  165  11:45  Zealot x6  
  157  11:56  Zealot x2  
Show
View Real Time Build Order
Export as new Build Order

soO Zerg 

Build Orders: Hatch First, Swarm Host 

Get SALT Encoding   

  12  0:00  Drone  
  13  0:12  Overlord  
  13  0:19  Drone  
  14  0:30  Drone  
  15  0:44  Hatchery  
  15  0:49  Drone  
  15  0:51  Drone  
  15  0:56  Drone  
  17  1:00  Drone  
  18  1:07  Extractor  
  17  1:15  Spawning Pool  
  16  1:19  Drone  
  16  1:22  Drone  
  18  1:33  Drone  
  19  1:45  Drone  
  20  1:54  Overlord  
  20  2:01  Drone  
  21  2:02  Queen x2  
  21  2:04  Zergling x2  
  26  2:11  Metabolic Boost  
  26  2:15  Drone  
  27  2:17  Drone  
  27  2:19  Drone  
  29  2:27  Drone  
  29  2:29  Drone  
  31  2:40  Drone  
  31  2:43  Hatchery  
  31  2:44  Drone  
  31  2:48  Zergling x2  
  33  2:54  Queen  
  33  2:57  Overlord  
  35  3:05  Drone  
  36  3:15  Drone x2  
  36  3:16  Drone x4  
  42  3:23  Overlord  
  42  3:28  Drone  
  42  3:33  Spore Crawler  
  42  3:35  Queen  
  44  3:43  Drone  
  45  3:50  Drone x2  
  45  3:51  Drone x2  
  45  3:53  Drone  
  50  3:57  Queen  
  50  3:58  Drone  
  53  4:03  Lair  
  53  4:04  Drone  
  53  4:06  Drone  
  53  4:07  Roach Warren  
  53  4:08  Extractor x2  
  53  4:09  Drone x2  
  54  4:11  Spore Crawler, Drone  
  54  4:12  Overlord  
  54  4:15  Zergling x4  
  56  4:18  Drone  
  56  4:20  Overlord  
  57  4:24  Overlord  
  57  4:25  Drone  
  57  4:30  Drone  
  56  4:36  Overlord  
  56  4:37  Drone  
  56  4:38  Drone x2  
  57  4:40  Spore Crawler, Drone  
  57  4:42  Drone  
  60  4:45  Drone x3  
  60  4:48  Zergling x2  
  60  4:50  Zergling x2  
  63  4:53  Drone x3  
  63  4:59  Drone x4  
  70  5:03  Glial Reconstitution  
  70  5:06  Overseer  
  70  5:07  Drone  
  70  5:09  Drone x2  
  70  5:10  Extractor  
  70  5:11  Extractor  
  68  5:14  Drone  
  68  5:15  Drone  
  70  5:22  Drone x3  
  70  5:24  Roach  
  70  5:25  Roach  
  70  5:26  Roach x2  
  70  5:27  Roach  
  83  5:32  Evolution Chamber  
  83  5:34  Overlord  
  81  5:37  Overlord  
  83  5:43  Roach x4  
  83  5:48  Overseer  
  89  5:51  Overlord  
  89  5:53  Overlord  
  89  5:55  Overlord  
  89  6:00  Roach x7  
  89  6:02  Drone  
  89  6:03  Extractor, Zerg Missile Weapons Level 1  
  89  6:04  Drone x2  
  105  6:15  Drone x2  
  105  6:16  Drone  
  105  6:18  Drone  
  109  6:20  Infestation Pit  
  109  6:24  Roach x5  
  117  6:38  Roach  
  117  6:39  Roach, Overlord  
  121  6:42  Overlord  
  121  6:47  Overlord  
  121  6:50  Hatchery  
  120  6:54  Overlord  
  120  6:56  Drone  
  120  6:57  Overlord  
  121  7:10  Roach  
  121  7:11  Roach x9  
  141  7:15  Ravager  
  141  7:16  Ravager x4  
  141  7:18  Roach  
  141  7:19  Roach  
  141  7:20  Roach x5  
  154  7:23  Roach  
  154  7:28  Roach x2  
  134  7:33  Roach  
  134  7:36  Roach  
  110  7:40  Roach  
  110  7:43  Ravager x3  
  95  7:44  Roach  
  95  7:49  Roach  
  95  7:50  Roach x2, Zergling x6  
  98  7:57  Ravager  
  98  7:58  Roach x2  
  99  8:04  Roach x2  
  98  8:22  Drone x3  
  98  8:23  Drone x3  
  98  8:25  Drone x3  
  107  8:28  Drone  
  107  8:29  Spawning Pool  
  107  8:31  Ravager  
  107  8:32  Ravager  
  107  8:47  Drone x2  
  109  8:51  Drone  
  107  8:56  Hatchery  
  107  9:00  Drone  
  107  9:01  Overlord  
  104  9:08  Swarm Host x4  
  113  9:16  Swarm Host, Drone x3  
  119  9:22  Swarm Host  
  122  9:25  Drone x3  
  122  9:26  Drone  
  122  9:27  Queen x3  
  132  9:37  Spore Crawler, Swarm Host x2  
  137  9:50  Drone x2  
  137  9:52  Drone x2  
  141  9:53  Swarm Host x3, Drone  
  141  9:54  Extractor x2  
  149  10:00  Overlord x3  
  145  10:08  Drone x4  
  149  10:18  Drone  
  150  10:22  Swarm Host x4  
  150  10:28  Swarm Host  
  165  10:29  Overlord  
  165  10:30  Overlord  
  165  10:31  Drone  
  166  10:36  Roach x4  
  174  10:45  Roach x5  
  184  10:50  Overlord  
  184  10:56  Overlord  
  178  11:04  Roach  
  178  11:05  Roach x6  
  178  11:11  Roach  
  181  11:16  Roach x3  
  181  11:18  Roach  
  185  11:19  Ravager x2  
  185  11:20  Ravager x4  
  185  11:24  Roach x2  
  162  11:42  Roach  
  162  11:44  Roach x3  
  162  11:46  Roach x2  
  145  11:50  Roach x2  

Tags
 
Add a new tag
Caveats
  • Supply blocks, unpowered buildings, or Contaminate may cause inaccurate times.
  • Supply counts are checked every 10 seconds.